 Dungeon Crawl Stone Soup version 0.31-a0-234-gad7ace16ef (webtiles) character file.

Game seed: 12083623720246630840

76 qw the Shooter (level 4, -7/36 HPs)
             Began as a Minotaur Hexslinger on July 9, 2023.
             Mangled by an ogre
             ... wielding a +0 giant spiked club
              (9 damage)
             ... on level 3 of the Dungeon.
             The game lasted 00:00:34 (1601 turns).

qw the Shooter (Minotaur Hexslinger)                Turns: 1601, Time: 00:00:35

Health: -7/36      AC:  5    Str: 13    XL:     4   Next: 12%
Magic:  4/4        EV: 11    Int: 10    God:
Gold:   93         SH:  0    Dex: 14    Spells: 4/5 levels left

rFire   . . .        Y - +1 sling
rCold   . . .        (no shield)
rNeg    . . .        e - +0 ring mail
rPois   .            (helmet restricted)
rElec   .            (no cloak)
rCorr   .            (no gloves)
SInv    +            (no boots)
Will    .....        (no amulet)
Stlth   +            b - ring of see invisible
HPRegen 0.26/turn    (no ring)
MPRegen 0.09/turn

%: no passive effects
@: about to teleport
A: horns 2, retaliatory headbutt
a: no special abilities


You were on level 3 of the Dungeon.
You visited 1 branch of the dungeon, and saw 3 of its levels.

You collected 93 gold pieces.


Innate Abilities, Weirdness & Mutations

You have a pair of horns on your head.
You reflexively headbutt those who attack you in melee.


   Skills:
 - Level 2.0 Fighting
 + Level 4.4 Ranged Weapons
 - Level 1.1 Armour
 - Level 2.1 Dodging
 - Level 1.0 Spellcasting
 - Level 2.0 Hexes


You had 4 spell levels left.
You knew the following spells:

 Your Spells              Type           Power      Damage    Failure   Level
a - Slow                  Hex            16%        N/A       32%         1

Your spell library contained the following spells:

 Spells                   Type           Power      Damage    Failure   Level
 Inner Flame              Hex/Fire       2%         N/A       82%         3
 Portal Projectile        Hex/Tloc       4%         N/A       82%         3
 Cause Fear               Hex            2%         N/A       97%         4

Inventory:

Hand Weapons
 Y - a +1 sling (weapon)
Armour
 e - a +0 ring mail (worn)
Jewellery
 b - a ring of see invisible (left hand)
Scrolls
 a - a scroll of identify
Potions
 d - a potion of might {unknown}
 g - a potion of enlightenment {unknown}
 j - a potion of curing {unknown}

Dungeon Overview and Level Annotations

Branches:
Dungeon (3/15)

Altars:


Message History

You kill the ball python!
The adder barely misses you.
You shoot a sling bullet. The sling bullet hits the adder!
You kill the adder!
Your Armour skill increases to level 1!
You have reached level 4!
You feel stronger.
You shoot a sling bullet. The sling bullet hits the endoplasm.
The endoplasm is heavily wounded.
The endoplasm freezes you.
You are frozen.
You shoot a sling bullet. The sling bullet hits the endoplasm!
You kill the endoplasm!
You start resting.
You hear the slow rusting of a distant drain.
HP restored.
Found a stone staircase leading down.
Enter note:
Enter note:
Enter note: An ogre comes into view. It is wielding a +0 giant spiked club.
The ogre shouts!
Enter note:
Enter note:
Enter note: You shoot a sling bullet.
The sling bullet hits the ogre.
The ogre is lightly wounded.
You shoot a sling bullet. The sling bullet hits the ogre.
The ogre is moderately wounded.
The ogre hits you with a +0 giant spiked club!
You shoot a sling bullet. The sling bullet hits the ogre.
The ogre is moderately wounded.
The ogre hits you with a +0 giant spiked club!!
Ouch! That really hurt!
1600 ||| READING scroll of teleportation.
As you read the scroll of teleportation, it crumbles to dust.
You feel strangely unstable.
You shoot a sling bullet. The sling bullet hits the ogre.
The ogre is moderately wounded.
The ogre hits you with a +0 giant spiked club!
You die...

### #### ...# ..#
....####### #.##
...(......# #.>####
..........####.....#...
...............@....~~~
......%...#####O...#~##
...####.### ....##
~#~.~# #.# ..#....
...... ###.# #.# #.#.~#
#~.~# ######...# ##..
#.#.~#####~.~###
.........#.?..# #.#
~~~~~~~.~~~~
####.......###
#.####...##...#.
#.....#.#..#
##........####...


You could see an ogre.

Vanquished Creatures
  Jessica (D:1)
  An adder (D:3)
  A worm (D:2)
  A dart slug (D:1)
  4 endoplasms
  2 giant cockroaches (D:1)
  3 goblins
  2 hobgoblins
  3 jackals (D:2)
  4 ball pythons
  5 bats
  3 frilled lizards
  A kobold (D:1)
  5 rats
36 creatures vanquished.

Notes
Turn   | Place    | Note
-------+----------+-------------------------------------------
     0 | D:1      | qw the Minotaur Hexslinger began the quest for the Orb.
     0 | D:1      | Reached XP level 1. HP: 16/16 MP: 1/1
     0 | D:1      | 0 ||| qw: Version: 0.3-a-51-g015441d
     0 | D:1      | 0 ||| qw: Game counter: 4327
     0 | D:1      | 0 ||| qw: Melee chars always use a shield: true
     0 | D:1      | 0 ||| qw: God list: Okawaru
     0 | D:1      | 0 ||| qw: Allow faded altars: false
     0 | D:1      | 0 ||| qw: Do Orc after clearing Dungeon:15 true
     0 | D:1      | 0 ||| qw: Do second Lair branch before Depths: true
     0 | D:1      | 0 ||| qw: Lair rune preference: random
     0 | D:1      | 0 ||| qw: Goals: Normal
     0 | D:1      | 0 ||| PLANNING D:1-11
   149 | D:1      | Reached skill level 3 in Ranged Weapons
   149 | D:1      | Reached XP level 2. HP: 23/23 MP: 2/2
   606 | D:1      | 606 ||| UPGRADING to +0 leather armour.
   616 | D:1      | 616 ||| DROPPING +0 robe.
   617 | D:1      | 617 ||| READING scroll labelled WUUMAYBIQE.
   618 | D:1      | 618 ||| READING scroll labelled DIUMEGODISK.
   619 | D:1      | 619 ||| READING scroll labelled HAAJAU FOELUI.
   620 | D:1      | 620 ||| DROPPING scroll of poison.
   658 | D:2      | Noticed Jessica
   665 | D:2      | 665 ||| STAIRDANCE
   695 | D:2      | 695 ||| STAIRDANCE
   699 | D:1      | Killed Jessica
   700 | D:1      | Reached skill level 4 in Ranged Weapons
   700 | D:1      | Reached XP level 3. HP: 10/29 MP: 3/3
  1401 | D:2      | 1401 ||| UPGRADING to +0 ring mail.
  1411 | D:2      | 1411 ||| DROPPING +0 leather armour.
  1412 | D:2      | 1412 ||| UPGRADING to ring of see invisible.
  1413 | D:2      | 1413 ||| READING 2 scrolls labelled CUNUEPSON.
  1414 | D:2      | 1414 ||| READING 2 scrolls labelled SADOITO MOWO.
  1417 | D:2      | 1417 ||| DRINKING 2 murky white potions.
  1418 | D:2      | 1418 ||| DROPPING potion of attraction.
  1442 | D:3      | 1442 ||| PLANNING SEWER
  1575 | D:3      | Reached skill level 1 in Armour
  1575 | D:3      | Reached XP level 4. HP: 34/36 MP: 4/4
  1596 | D:3      | Noticed an ogre
  1599 | D:3      | HP: 2/36 [ogre/+0 giant spiked club (24)]
  1600 | D:3      | 1600 ||| READING scroll of teleportation.
  1601 | D:3      | Mangled by an ogre

Levels and vault maps discovered:
D:1:      eino_arrival_tree_alley, layout_loops_ring
D:2:      layout_basic, uniq_jessica
D:3:      layout_rooms, marbit_many_paths, nicolae_overflow_two_pavilions,
          portal_sewer_entry_b

Skill      XL: |  1  2  3 |
---------------+----------+-----
Ranged Weapons | 3 4 |  4.4
Fighting       | 2 |  2.0
Armour         | 1 |  1.1
Dodging        | |  2.1
Spellcasting   | |  1.0
Hexes          | |  2.0

Action                     |  1- 3 |  4- 6 || total
---------------------------+-------+-------++-------
   Fire: Sling             |   105 |     6 ||   111
    Use: Scroll            |     5 |     1 ||     6
         Potion            |     1 |       ||     1
 Armour: Robe              |     1 |       ||     1
         Leather armour    |    10 |       ||    10
         Ring mail         |     3 |       ||     3
  Dodge: Dodged            |    37 |       ||    37

Table legend:
 A = Non-vault XP
 B = Vault XP
 C = Vault XP percentage of total XP
 D = Non-vault monster count
 E = Vault monster count
 F = Vault count percentage of total count
                 A         B        C        D         E       F
            +---------+---------+-------+---------+---------+-------
      Total |      72 |      37 |  33.9 |      35 |       1 |   2.8
            +---------+---------+-------+---------+---------+-------
        D:1 |      32 |      37 |  53.6 |      19 |       1 |   5.0
        D:2 |      19 |       0 |   0.0 |       9 |       0 |   0.0
        D:3 |      21 |       0 |   0.0 |       7 |       0 |   0.0
            +---------+---------+-------+---------+---------+-------
